 Dungeon Crawl Stone Soup version 0.29-a0-609-gb56f46d (webtiles) character file.

Game seed: 8962574755366409906

4 Illumine the Conjurer (level 1, 0/10 HPs)
             Began as a Tengu Conjurer on June 15, 2022.
             Slain by a ball python (2 damage)
             ... on level 1 of the Dungeon.
             The game lasted 00:00:24 (94 turns).

Illumine the Conjurer (Tengu Conjurer)                Turns: 94, Time: 00:00:25

Health: 0/10       AC:  2    Str:  7    XL:     1   Next: 60%
Magic:  3/4        EV: 12    Int: 18    God:
Gold:   4          SH:  0    Dex: 12    Spells: 3/4 levels left

rFire   . . .      SeeInvis .   (no weapon)
rCold   . . .      Faith    .   (no shield)
rNeg    . . .      Spirit   .   a - +0 robe
rPois   .          Reflect  .   (helmet restricted)
rElec   .          Harm     .   (no cloak)
rCorr   .          Rampage  .   (no gloves)
Will    .....                   (boots unavailable)
Stlth   ++........              (no amulet)
HPRegen 0.03/turn               (no ring)
MPRegen 0.09/turn               (no ring)

@: no status effects
A: beak, talons 3
a: no special abilities


You were on level 1 of the Dungeon.
You visited 1 branch of the dungeon, and saw 2 of its levels.

You collected 4 gold pieces.

Inventory:

Armour
 a - a +0 robe (worn)
Potions
 b - a potion of magic


   Skills:
 - Level 2.1 Dodging
 - Level 2.0 Stealth
 + Level 2.1 Spellcasting
 + Level 5.4 Conjurations


You had 3 spell levels left.
You knew the following spells:

 Your Spells              Type           Power      Damage    Failure   Level
a - Magic Dart            Conj           84%        1d7       1%          1

Your spell library contained the following spells:

 Spells                   Type           Power      Damage    Failure   Level
 Searing Ray              Conj           42%        2d6       2%          2
 Dazzling Flash           Conj/Hex       22%        N/A       17%         3
 Fulminant Prism          Conj/Hex       5%         3d7       50%         4
 Iskenderun's Mystic Bla  Conj/Tloc      11%        2d4       50%         4


Dungeon Overview and Level Annotations

Branches:
Dungeon (2/15)

Altars:


Innate Abilities, Weirdness & Mutations

You have a beak for a mouth.
You have claws for feet.


Message History

Casting: Magic Dart (safe; 1% risk of failure)
Confirm with . or Enter, or press ? or * to list all spells.
Aiming: Magic Dart (safe; 1% risk of failure)
Press: ? - help, Shift-Dir - straight line, f/p - jackal
Aim: a jackal (severely wounded, 100% to hit)
The magic dart hits the jackal.
You kill the jackal!
You start resting.
A jackal comes into view. x2
Casting: Magic Dart (safe; 1% risk of failure)
Confirm with . or Enter, or press ? or * to list all spells.
Aiming: Magic Dart (safe; 1% risk of failure)
Press: ? - help, Shift-Dir - straight line, f - jackal
Aim: a jackal (wandering, hasn't noticed you, 100% to hit)
The magic dart hits the jackal.
The jackal is moderately wounded.
The jackal barks!
A ball python comes into view.
The jackal barely misses you. The jackal barely misses you.
The jackal attacks as you move away! The jackal closely misses you.
The jackal bites you.
A jackal comes into view.
The jackal barks!
The jackal attacks as you move away! The jackal barely misses you.
The jackal closely misses you. The jackal bites you.
There is a stone staircase leading down, spattered with blood here.
The jackal closely misses you. The jackal bites you.
You climb downwards.
There is a stone staircase leading up here.
Unknown command.
The goblin shouts!
The bat closely misses you. The bat barely misses you.
The jackal bites you but does no damage.
The jackal bites you.
You climb upwards.
The jackal closely misses you. The ball python bites you.
* * * LOW HITPOINT WARNING * * *
The ball python barely misses you. The jackal misses you.
The ball python bites you.
You die...

............ #.#..#.#.#.#
#.# #♣......# .S# #.#
##.......# #.#.#.#
#P.......###.#.#.#
#P.P♣..........#.# ####
#...♣....###†###.# ##P.+
#.♣....hS#.....#.## #PP.#
#......h@hr.......#
♣..####......b.#####.####
#♣...#...P.P.#....h...#
#P<..'...♣.♣.....##.###
#♣...'......P.......#
#P..P#.P.....^.####.#
#P..####............#
#P♣.# #.P♣....######
##P.+ #.♣.....#


You could see a quokka, 3 jackals, a bat and a ball python.

Vanquished Creatures
  A dart slug (D:1)
  A jackal (D:1)
2 creatures vanquished.

Notes
Turn   | Place    | Note
-------+----------+-------------------------------------------
     0 | D:1      | Illumine the Tengu Conjurer began the quest for the Orb.
     0 | D:1      | Reached XP level 1. HP: 10/10 MP: 4/4
    94 | D:1      | Slain by a ball python

Illustrated notes

Levels and vault maps discovered:
D:1:      denvon_arrival_planthouse, layout_basic,
          hellmonk_ecumenical_altar_defaced_shrine
D:2:      layout_rooms, basic_altar, amcnicky_mini_corridor_feature,
          chequers_serial_rivers_small_3, minmay_door_square,
          grunt_ministairs_14, uniq_crazy_yiuf_cottage, uniq_terence

Action                   || total
-------------------------++-------
 Cast: Magic Dart        ||     6
Armor: Robe              ||     1
Dodge: Dodged            ||    14

Table legend: (Time is in decaauts)
 A = Elapsed time spent in this place.
 B = Non-inter-level travel time spent in this place.
 C = Inter-level travel time spent in this place.
 D = Time resting spent in this place.
 E = Time spent auto-exploring this place.
 F = Levels seen in this place.
 G = Mean time per level.
                   A        B        C        D        E       F      G
               +--------+--------+--------+--------+--------+-----+--------+
         Total |     93 |     93 |      0 |      6 |     59 |   2 |   46.5 |
       Dungeon |     93 |     93 |      0 |      6 |     59 |   2 |   46.5 |
               +--------+--------+--------+--------+--------+-----+--------+

Top non-repeatable levels by time:
     D:1: 92 daAuts
     D:2: 1 daAuts
